 Dungeon Crawl Stone Soup version 0.23.2-33-g5129a83184 (webtiles) character file.

Game seed: 18431311710173943335

126 Destapler the Vandal (level 5, 0/36 HPs)
             Began as a Halfling Hunter on Aug 3, 2019.
             Slain by an iguana (12 damage)
             ... on level 3 of the Dungeon.
             The game lasted 00:17:04 (2999 turns).

Destapler the Vandal (Halfling Hunter)              Turns: 2999, Time: 00:17:04

Health: 0/36       AC:  3    Str: 13    XL:     5   Next: 31%
Magic:  5/5        EV: 15    Int:  9    God:
Gold:   207        SH:  0    Dex: 16    Spells: 4/4 levels left

rFire    . . .     SeeInvis .   a - +1 hunting sling
rCold    . . .     Gourm    .   (shield restricted)
rNeg     . . .     Faith    .   c - +0 leather armour
rPois    .         Spirit   .   (no helmet)
rElec    .         Reflect  .   (no cloak)
rCorr    .         Harm     .   (no gloves)
MR       .....                  (no boots)
Stlth    ++........             (no amulet)
HPRegen  0.12/turn              (no ring)
MPRegen  0.09/turn              (no ring)

@: no status effects
A: small, mutation resistance 1
a: no special abilities


You were on level 3 of the Dungeon.
You were very hungry.

You visited 1 branch of the dungeon, and saw 4 of its levels.

You collected 207 gold pieces.

Inventory:

Hand Weapons
 a - a +1 hunting sling (weapon)
 b - a +0 short sword
Missiles
 d - 28 sling bullets (quivered)
 e - 31 stones
Armour
 c - a +0 leather armour (worn)
Jewellery
 l - an uncursed ring of wizardry
 r - an uncursed ring of fire
Scrolls
 g - 2 scrolls of teleportation
 i - a scroll of identify
 k - a scroll of blinking {unknown}
 m - a scroll of enchant armour {unknown}
 o - 4 scrolls of remove curse
 q - a scroll of immolation {unknown}
 s - a scroll of fog {unknown}
 u - a scroll of noise {unknown}
Potions
 n - a potion of agility {unknown}
 p - 2 potions of resistance
 t - a potion of berserk rage {unknown}
Comestibles
 f - 5 rations


   Skills:
 * Level 3.1 Fighting
 + Level 1.9 Short Blades
 - Level 6.1 Slings
 + Level 3.1 Dodging
 + Level 2.5 Stealth


You had 4 spell levels left.
You didn't know any spells.
Your spell library contained the following spells:

 Spells                   Type           Power        Failure   Level  Hunger
 Confusing Touch          Hex            #.....       45%         1    ##.....
 Confuse                  Hex            #.......     83%         3    ####...
 Gell's Gravitas          Tloc           #.........   83%         3    ####...
 Petrify                  Tmut/Erth      #.......     99%         4    #####..
 Metabolic Englaciation   Hex/Ice        #.........   100%        5    ######.
 Yara's Violent Unravell  Hex/Tmut       #.........   100%        5    ######.


Dungeon Overview and Level Annotations

Branches:
Dungeon (4/15)
 Temple: D:4-7

Altars:
Ashenzari

Shops:
D:4 *


Innate Abilities, Weirdness & Mutations

You are small and have problems with some larger weapons.
You are somewhat resistant to further mutation.


Message History

You barely miss the iguana.
The iguana is moderately wounded.
The iguana bites you!
You closely miss the iguana.
The iguana is moderately wounded.
The iguana bites you!
You are too injured to fight recklessly!
You are too injured to fight recklessly!
You are too injured to fight recklessly!
You are too injured to fight recklessly!
You are too injured to fight recklessly!
You are too injured to fight recklessly!
You are too injured to fight recklessly!
You are too injured to fight recklessly!
You are too injured to fight recklessly!
You are too injured to fight recklessly!
You are too injured to fight recklessly!
a - a +1 hunting sling (weapon)
The iguana bites you!
You die...

#.# #.##.# #.# #..#(# #)#
##.#.# ###)######### #.#.#
#...........# #.#.#
#...........# #...#
#...........# ##..#
#...........###############..#
###.##########.@l.)....(....>#
#.# #.############### #.# #.#
#.##########.# #.#..........#
#.#.########## #...# #####


You could see an iguana.

Vanquished Creatures
  A hound (D:4)
  2 adders (D:2)
  A worm (D:3)
  A dart slug (D:3)
  3 leopard geckos
  An orc (D:3)
  A giant cockroach (D:1)
  9 goblins
  8 hobgoblins
  3 quokkas
  A ball python (D:2)
  14 bats
  5 frilled lizards
  14 kobolds
  5 rats
69 creatures vanquished.

Notes
Turn   | Place    | Note
-------+----------+-------------------------------------------
     0 | D:1      | Destapler the Halfling Hunter began the quest for the Orb.
     0 | D:1      | Reached XP level 1. HP: 14/14 MP: 1/1
    47 | D:1      | Reached skill level 6 in Slings
   131 | D:1      | Reached XP level 2. HP: 19/19 MP: 2/2
   606 | D:1      | Reached XP level 3. HP: 24/24 MP: 3/3
  1182 | D:2      | Found a shattered altar of Ashenzari.
  1238 | D:2      | Reached skill level 1 in Short Blades
  1238 | D:2      | Reached XP level 4. HP: 30/30 MP: 4/4
  1720 | D:3      | Found a faded altar of an unknown god.
  2609 | D:4      | Found Reicujul's Assorted Antiques.
  2873 | D:4      | Reached XP level 5. HP: 24/36 MP: 5/5
  2999 | D:3      | Slain by an iguana

Skill      XL: |  1  2  3  4 |
---------------+-------------+-----
Slings         | 6 |  6.1
Fighting       | 2 3 |  3.1
Short Blades   | 1 |  1.9
Stealth        | 2 |  2.5
Dodging        | 3 |  3.1

Action                   |  1- 3 |  4- 6 || total
-------------------------+-------+-------++-------
Melee: Short sword       |    33 |    48 ||    81
 Fire: Hunting sling     |    84 |    70 ||   154
  Use: Scroll            |       |     4 ||     4
       Potion            |       |     1 ||     1
  Eat: Chunk             |     1 |     4 ||     5
Armor: Leather armour    |     9 |     4 ||    13
Dodge: Dodged            |    44 |    50 ||    94
